 Dungeon Crawl Stone Soup version 0.31.0-12-g77e489cdc1 (webtiles) character file.

Game seed: 6642144621560405805

522 lordive the Covert (level 7, -1/46 HPs)
             Began as an Octopode Brigand on Feb 29, 2024.
             Was an Initiate of Dithmenos.
             Slain by an ice beast (5 damage)
             ... on level 5 of the Dungeon.
             The game lasted 00:03:58 (3929 turns).

lordive the Covert (Octopode Brigand)               Turns: 3929, Time: 00:03:59

Health: -1/46      AC:  1    Str: 10    XL:     7   Next: 22%
Magic:  7/7        EV: 13    Int: 16    God:    Dithmenos [......]
Gold:   173        SH:  0    Dex: 13    Spells: 6/6 levels left

rFire   . . .        p - +2 falchion (flame)
rCold   . . .        (no shield)
rNeg    . . .        (helmet restricted)
rPois   .            (no amulet)
rElec   .            (no ring)
rCorr   .            (no ring)
SInv    .            (no ring)
Will    .....        (no ring)
Stlth   +++++        (no ring)
HPRegen 0.27/turn    (no ring)
MPRegen 0.10/turn    (no ring)
                     (no ring)

%: no passive effects
@: no status effects
A: almost no armour, amphibious, 8 rings, camouflage 1, gelatinous body 1,
(nimble swimmer 1), tentacles
a: Renounce Religion


You were on level 5 of the Dungeon.
You worshipped Dithmenos.
Dithmenos was noncommittal.
You visited 2 branches of the dungeon, and saw 6 of its levels.

You collected 173 gold pieces.

Inventory:

Hand Weapons
 a - a +2 dagger
 p - a +2 falchion of flaming (weapon)
Missiles
 b - 15 poisoned darts (quivered)
 c - 3 curare-tipped darts
Jewellery
 k - an amulet of faith
Wands
 l - a wand of light (4)
 n - a wand of flame (17)
Scrolls
 d - a scroll of fear {unknown}
 e - a scroll of blinking {unknown}
 h - 7 scrolls of identify {unknown}
 i - 2 scrolls of teleportation {unknown}
 m - 2 scrolls of vulnerability {unknown}
Potions
 f - 2 potions of degeneration {unknown}
 g - 2 potions of enlightenment {unknown}
 j - 3 potions of heal wounds {unknown}
 o - a potion of magic {unknown}
 q - a potion of brilliance {unknown}


   Skills:
 + Level 3.1 Fighting
 + Level 4.0(4.1) Short Blades
 + Level 1.1(2.8) Long Blades
 - Level 2.0 Throwing
 + Level 1.8 Dodging
 + Level 9.5 Stealth


You had 6 spell levels left.
You didn't know any spells.
Your spell library contained the following spells:

 Spells                   Type           Power      Damage    Failure   Level
 Sandblast                Erth           0%         2d4       26%         1
 Lesser Beckoning         Tloc           0%         N/A       36%         2
 Call Canine Familiar     Summ           0%         N/A       58%         3
 Frozen Ramparts          Ice            0%         1d1       58%         3
 Gell's Gravitas          Tloc           0%         N/A       58%         3
 Passwall                 Erth           0%         N/A       58%         3
 Sigil of Binding         Hex            0%         N/A       58%         3
 Stone Arrow              Conj/Erth      0%         3d7       58%         3
 Teleport Other           Tloc           0%         N/A       58%         3
 Brom's Barrelling Bould  Conj/Erth      0%         2d3       94%         4
 Dimensional Bullseye     Hex/Tloc       0%         N/A       94%         4
 Leda's Liquefaction      Alch/Erth      0%         N/A       94%         4
 Petrify                  Alch/Erth      0%         N/A       94%         4
 Metabolic Englaciation   Hex/Ice        0%         N/A       100%        5
 Dispersal                Tloc           0%         N/A       100%        6


Dungeon Overview and Level Annotations

Branches:
Dungeon (5/15)             Temple (1/1) D:4

Altars:
Ashenzari
Cheibriados
Dithmenos
Elyvilon
Fedhas
Gozag
Hepliaklqana
Kikubaaqudgha
Makhleb
Nemelex Xobeh
Okawaru
Ru
Sif Muna
Wu Jian
Xom
Yredelemnul

Shops:
D:4 *


Innate Abilities, Weirdness & Mutations

You cannot wear most types of armour.
You are amphibious.
You can wear up to eight rings at the same time.
Your skin changes colour to match your surroundings (Stealth+).
Your rubbery body absorbs attacks. (AC +1, EV +1)
((You are camouflaged when in or above water. (Stealth+)))
You have tentacles for arms and can constrict up to eight enemies at once.


Message History

An ice beast comes into view.
The hound misses you.
You closely miss the hound. You grab the hound.
You squeeze the hound, but do no damage.
The hound is moderately wounded.
You constrict the hound. The hound bites you.
The hound bites you but does no damage.
You hit the hound but do no damage.
The hound is heavily wounded.
You constrict the hound. The hound bites you.
You slash the hound! You burn the hound.
You kill the hound!
Dithmenos accepts your kill.
Your base Long Blades skill increases to level 1!
You hit the ice beast.
You melt the ice beast.
The ice beast is moderately wounded.
The ice beast hits you. The ice beast freezes you!
You are too injured to fight recklessly!
You are too injured to fight recklessly!
You are too injured to fight recklessly!
You are too injured to fight recklessly!
You are too injured to fight recklessly!
You slash the ice beast!
You melt the ice beast.
The ice beast is severely wounded.
The ice beast hits you but does no damage.
You barely miss the ice beast. Your squeeze misses the ice beast.
The ice beast is severely wounded.
The ice beast hits you. The ice beast freezes you.
* * * LOW HITPOINT WARNING * * *
The ice beast hits you.
* * * LOW HITPOINT WARNING * * *
The ice beast freezes you!
* * * LOW HITPOINT WARNING * * *
You closely miss the ice beast.
The ice beast is severely wounded.
The ice beast barely misses you.
You closely miss the ice beast. Your squeeze misses the ice beast.
The ice beast is severely wounded.
The ice beast hits you.
You die...

#. .. #. #. #.# #.
#.# #. ####.###
######Y########
#......
.......@.......
#.##..#
#######.#######
#.##..# #........#
#.##..# #.####.#.#
#.##..#
#..###.#...
......# ##......#
###
#.###<####...#####
#.# #...).....#
..# ##.###...##


You could see an ice beast.

Vanquished Creatures
  An ogre (D:5)
  A howler monkey (D:5)
  A bombardier beetle (D:3)
  A hound (D:5)
  An orc priest (D:4)
  An iguana (D:4)
  Terence (D:2)
  An orc wizard (D:4)
  A sleepcap (D:5)
  Natasha (twice) (D:3)
  7 adders
  A shadow imp (D:5)
  A dart slug (D:1)
  9 orcs
  5 ball pythons
  5 bats
  7 endoplasms
  5 hobgoblins
  2 jackals (D:4)
  2 quokkas
  3 frilled lizards
  2 goblins
  10 kobolds
  5 rats
75 creatures vanquished.

Notes
Turn   | Place    | Note
-------+----------+-------------------------------------------
     0 | D:1      | lordive the Octopode Brigand began the quest for the Orb.
     0 | D:1      | Reached XP level 1. HP: 14/14 MP: 1/1
   140 | D:1      | Reached XP level 2. HP: 19/19 MP: 2/2
   440 | D:1      | Reached skill level 6 in Stealth
   980 | D:2      | Reached XP level 3. HP: 24/24 MP: 3/3
  1167 | D:2      | Found Repugar's Jewellery Boutique.
  1221 | D:2      | Reached XP level 4. HP: 30/30 MP: 4/4
  1586 | D:2      | Noticed Terence
  1597 | D:2      | Killed Terence
  1753 | D:3      | Reached skill level 7 in Stealth
  1967 | D:3      | Reached XP level 5. HP: 13/35 MP: 5/5
  2255 | D:3      | Noticed Natasha
  2265 | D:3      | Killed Natasha
  2579 | D:3      | Noticed Natasha
  2585 | D:3      | Killed Natasha
  2586 | D:3      | Reached skill level 8 in Stealth
  2586 | D:3      | Reached XP level 6. HP: 33/41 MP: 6/6
  2698 | D:4      | Found Vak Waha's Assorted Antiques.
  2766 | D:4      | Found a staircase to the Ecumenical Temple.
  2778 | D:4      | Found a shimmering altar of Xom.
  2817 | Temple   | Entered the Ecumenical Temple
  2834 | Temple   | Became a worshipper of Dithmenos the Shadowed
  3087 | D:4      | Found an opulent altar of Gozag.
  3865 | D:5      | Entered Level 5 of the Dungeon
  3866 | D:5      | Found a snail-covered altar of Cheibriados.
  3898 | D:5      | Reached skill level 9 in Stealth
  3903 | D:5      | Reached XP level 7. HP: 46/46 MP: 7/7
  3925 | D:5      | Reached skill level 1 in Long Blades
  3929 | D:5      | Slain by an ice beast

Illustrated notes

Levels and vault maps discovered:
D:1:      heliophobic_arrival_battle_scene, layout_basic, solitary_fountain,
          palyth_stone_intersect
D:2:      layout_basic, serial_shops, shop, serial_bayou_lake_a, uniq_terence
D:3:      layout_basic, minivault_11, uniq_natasha
D:4:      nicolae_cairo_tiling, layout_cave_pods, mainiacjoe_overflow_paths,
          lemuel_round_altar, minmay_temple_entry_offerings, serial_shops,
          kennysheep_mini
D:5:      layout_loops_ring, general_overflow_altar, tso_oasis_becter,
          zin_statuary, grunt_temple_overflow_diamond, gup_sewer_entry_pipe,
          st_stairs_10, uniq_grinder
Temple:   nicolae_temple_figure_eight

Skill      XL: |  1  2  3  4  5  6  7 |
---------------+----------------------+-----
Stealth        | 6 7 8 9 |  9.5
Short Blades   | 3 4 |  4.0
Fighting       | 3 |  3.1
Long Blades    | 1 |  1.1
Throwing       | |  2.0
Dodging        | |  1.8

Action                     |  1- 3 |  4- 6 |  7- 9 || total
---------------------------+-------+-------+-------++-------
  Melee: Dagger            |    37 |    85 |       ||   122
         Constrict         |     6 |    16 |     2 ||    24
         Tentacles         |     3 |    25 |     1 ||    29
         Falchion          |       |    20 |    11 ||    31
   Stab: Sleeping          |    18 |    21 |       ||    39
 Armour: Skin              |    11 |    38 |    11 ||    60
  Dodge: Dodged            |    10 |    45 |     3 ||    58
